 Seeded DCSS version 0.30.1-4-g462c640d31 (webtiles) character file.

Game seed: 2842366465528096812 (custom seed)

1475 Psyclone the Thaumaturge (level 8, 0/46 HPs)
             Began as an Octopode Venom Mage on Sept 18, 2023.
             Was an Initiate of Gozag.
             Slain by a centaur (5 damage)
             ... on level 6 of the Dungeon.
             The game lasted 00:08:33 (4549 turns).

Psyclone the Thaumaturge (Octopode Venom Mage)      Turns: 4549, Time: 00:08:33

Health: 0/46       AC:  1    Str:  8    XL:     8   Next: 78%
Magic:  19/21      EV: 13    Int: 19    God:    Gozag
Gold:   541        SH:  0    Dex: 12    Spells: 18/25 levels left

rFire   . . .        t - +8 hand axe of Duhafonwoe {spect, rPois}
rCold   . . .        (no shield)
rNeg    . . .        (helmet restricted)
rPois   +            k - amulet of regeneration
rElec   .            r - ring of flight
rCorr   .            (no ring)
SInv    .            (no ring)
Will    .....        (no ring)
Stlth   +++          (no ring)
HPRegen 1.07/turn    (no ring)
MPRegen 0.17/turn    (no ring)
                     (no ring)

%: no passive effects
@: flying
A: almost no armour, amphibious, 8 rings, camouflage 1, gelatinous body 1,
(nimble swimmer 1), tentacles
a: Renounce Religion, Potion Petition, Call Merchant, Bribe Branch


You were on level 6 of the Dungeon.
You worshipped Gozag.
Gozag was pleased with you.
You visited 2 branches of the dungeon, and saw 7 of its levels.

You collected 588 gold pieces.
You paid 47 gold pieces to Gozag.

Inventory:

Hand Weapons
 e - a +0 dagger
 t - the +8 hand axe of Duhafonwoe (weapon) {spect, rPois}
   (You found it on level 4 of the Dungeon)

   rPois:     It protects you from poison.
Jewellery
 k - an amulet of regeneration (around mantle)
 o - a ring of fire
 r - a ring of flight (left tentacle)
Wands
 w - a wand of roots (7)
Scrolls
 c - 2 scrolls of fear {unknown}
 f - 4 scrolls of magic mapping {unknown}
 g - 7 scrolls of teleportation {unknown}
 h - 2 scrolls of noise {unknown}
 i - a scroll of acquirement {unknown}
 l - a scroll of amnesia {unknown}
 m - 3 scrolls of identify {unknown}
 u - a scroll of vulnerability {unknown}
 v - a scroll of enchant weapon {unknown}
 x - a scroll of enchant armour {unknown}
 y - 3 scrolls of poison {unknown}
 z - 3 scrolls of fog {unknown}
Potions
 a - 2 potions of magic
 b - 2 potions of attraction {unknown}
 d - 2 potions of degeneration {unknown}
 j - 3 potions of heal wounds {unknown}
 n - 2 potions of curing {unknown}
 p - a potion of haste {unknown}
 q - a potion of ambrosia {unknown}
 s - 2 potions of brilliance {unknown}


   Skills:
 - Level 2.0 Dodging
 - Level 2.6 Stealth
 + Level 9.0 Spellcasting
 - Level 1.0 Transmutations
 - Level 6.7 Poison Magic


You had 18 spell levels left.
You knew the following spells:

 Your Spells              Type           Power      Damage    Failure   Level
a - Poisonous Vapours     Pois/Air       42%        N/A       3%          2
b - Sting                 Tmut/Pois      92%        1d7       1%          1
x - Olgreb's Toxic Radia  Pois           34%        N/A       4%          4

Your spell library contained the following spells:

 Spells                   Type           Power      Damage    Failure   Level
 Mephitic Cloud           Conj/Pois/Air  17%        N/A       10%         3


Dungeon Overview and Level Annotations

Branches:
Dungeon (6/15) Zot: 26498  Temple (1/1) D:4 Zot: 5884

Altars:
Cheibriados
Dithmenos
Elyvilon
Fedhas
Gozag
Hepliaklqana
Kikubaaqudgha
Nemelex Xobeh
Okawaru
Sif Muna
Trog
Uskayaw
Vehumet
Wu Jian
Xom
Yredelemnul
The Shining One

Shops:
D:2 [(*   D:5 [


Innate Abilities, Weirdness & Mutations

You cannot wear most types of armour.
You are amphibious.
You can wear up to eight rings at the same time.
Your skin changes colour to match your surroundings (Stealth+).
Your rubbery body absorbs attacks. (AC +1, EV +1)
((You are camouflaged when in or above water. (Stealth+)))
You have tentacles for arms and can constrict up to eight enemies at once.


Message History

MP restored: 21 A centaur comes into view.
The centaur shouts!
The centaur wields a +0 shortbow.
The centaur shoots an arrow.
The arrow closely misses you.
The centaur shoots an arrow.
The arrow hits you!
You take 8 damage, and have 38/46 hp.
The centaur shoots an arrow.
The arrow hits you!
You take 14 damage, and have 24/46 hp.
MASSIVE DAMAGE!!
The centaur shoots an arrow.
The arrow hits you.
The centaur shoots an arrow.
The arrow hits you!
You take 10 damage, and have 14/46 hp.
MASSIVE DAMAGE!!
The centaur unwields a +0 shortbow.
The centaur hits you.
* * * LOW HITPOINT WARNING * * *
The centaur closely misses you.
You take 4 damage, and have 10/46 hp.
You hit the centaur.
The centaur is lightly wounded.
The centaur hits you.
* * * LOW HITPOINT WARNING * * *
The centaur misses you. The centaur barely misses you.
The centaur kicks you but does no damage.
You take 3 damage, and have 7/46 hp.
Casting: Poisonous Vapours (safe; 3% risk of failure)
Confirm with . or Enter, or press ? or * to list all spells.
Aiming: Poisonous Vapours (safe; 3% risk of failure)
Press: ? - help, Dir - move target, f - centaur
Aim: a centaur (lightly wounded) Poisonous vapours surround the centaur!
The centaur is poisoned.
The centaur hits you.
* * * LOW HITPOINT WARNING * * *
The centaur closely misses you.
You now have 19/21 mp.
You closely miss the centaur.
The centaur is lightly wounded.
The centaur completely misses you. The centaur kicks you.
* * * LOW HITPOINT WARNING * * *
The centaur hits you.
You die...
Your body crumbles into a pile of gold.

...... ...... ......
### ..... ..# ......
#.# .. ... #.# .. ..
#.# ## # #c# .. #@# .#
#.#$ <######
#######.###### ......
.............# ....#
#######.####.# ....##
#...##.......#
.....#####.#.##.......#
...#.......#.##.......#
...###.....#.##.......#


You could see a centaur (very poisoned).

Vanquished Creatures
  Grinder (D:3)
  3 black bears
  3 ogres
  A phantom (D:4)
  A bullfrog (D:6)
  A scorpion (D:6)
  3 hounds
  A centaur skeleton (D:4)
  2 sleepcaps (D:6)
  2 iguanas (D:5)
  A scorpion zombie (D:4)
  2 orc wizards (D:6)
  Natasha (twice) (D:3)
  A hound zombie (D:4)
  2 hound skeletons (D:4)
  A howler monkey skeleton (D:4)
  6 adders
  3 gnolls (D:4)
  An adder zombie (D:4)
  An adder skeleton (D:4)
  A worm (D:3)
  3 dart slugs
  2 orcs (D:6)
  4 ball pythons
  8 endoplasms
  4 giant cockroaches
  6 goblins
  8 hobgoblins
  5 jackals
  5 quokkas
  2 bats (D:1)
  3 frilled lizards
  5 kobolds
  A quokka zombie (D:4)
  2 rats
97 creatures vanquished.

Notes
Turn   | Place    | Note
-------+----------+-------------------------------------------
     0 | D:1      | Psyclone the Octopode Venom Mage began the quest for the
                  | Orb.
     0 | D:1      | Reached XP level 1. HP: 11/11 MP: 3/3
   263 | D:1      | Reached XP level 2. HP: 17/17 MP: 5/5
   307 | D:1      | Learned a level 2 spell: Poisonous Vapours
   544 | D:2      | Found Ebrec's Antique Weapon Shoppe.
   579 | D:2      | Reached skill level 5 in Poison Magic
   579 | D:2      | Reached XP level 3. HP: 21/21 MP: 6/6
   712 | D:2      | Found Lapoggae's General Store.
   836 | D:2      | Found an ornate altar of the Wu Jian Council.
  1026 | D:2      | Found Leiddamu's Antique Armour Emporium.
  1089 | D:2      | Found a faded altar of an unknown god.
  1349 | D:3      | Noticed Natasha
  1354 | D:3      | Killed Natasha
  1355 | D:3      | Reached XP level 4. HP: 27/27 MP: 7/7
  1511 | D:3      | Noticed Natasha
  1523 | D:3      | Killed Natasha
  1524 | D:3      | Reached XP level 5. HP: 5/31 MP: 2/8
  1574 | D:3      | Found a sparkling altar of Nemelex Xobeh.
  1709 | D:3      | Noticed Grinder
  1713 | D:3      | Paralysed by Grinder for 5 turns
  1726 | D:3      | Killed Grinder
  1727 | D:3      | Reached skill level 4 in Spellcasting
  1727 | D:3      | Reached XP level 6. HP: 14/36 MP: 8/12
  1841 | D:3      | Found an ornate altar of the Wu Jian Council.
  2310 | D:4      | Found a staircase to the Ecumenical Temple.
  2322 | Temple   | Entered the Ecumenical Temple
  2329 | Temple   | Became a worshipper of Gozag Ym Sagoz the Greedy
  2600 | D:4      | Reached skill level 5 in Spellcasting
  2640 | D:4      | Reached XP level 7. HP: 8/41 MP: 13/15
  2839 | D:4      | Reached skill level 6 in Spellcasting
  2968 | D:4      | Identified the +8 hand axe of Duhafonwoe {spect, rPois}
  3162 | D:5      | Entered Level 5 of the Dungeon
  3316 | D:5      | Reached skill level 7 in Spellcasting
  3316 | D:5      | Reached XP level 8. HP: 30/46 MP: 16/18
  3785 | D:5      | Found Fionn's Antique Armour Emporium.
  4117 | D:6      | Reached skill level 8 in Spellcasting
  4402 | D:6      | Learned a level 4 spell: Olgreb's Toxic Radiance
  4467 | D:6      | Reached skill level 9 in Spellcasting
  4549 | D:6      | Slain by a centaur

Illustrated notes

Levels and vault maps discovered:
D:1:      heliophobic_arrival_enchanted_forest, layout_rooms
D:2:      layout_loops_ring, serial_shops, shop, nicolae_square_shop, shop,
          basic_altar, shapermc_ecumenical_altar_starsandcircs,
          minmay_misc_feat_iff, kennysheep_doodads, minivault_19
D:3:      layout_loops_ring, nemelex_xobeh_ov_fountains_minmay,
          mainiacjoe_overflow_brackets, uniq_natasha, uniq_grinder
D:4:      layout_loops_corners, minmay_temple_entry_arrows, serial_undead,
          serial_undead_b, serial_undead_c, serial_undead_d, serial_undead_e,
          abandoned_shop
D:5:      nicolae_BIG_FREAKIN_CUBE, layout_basic, serial_shops, shop
D:6:      layout_basic, kennysheep_generic_room_13
Temple:   nicolae_temple_superstar

Skill      XL: |  1  2  3  4  5  6  7  8 |
---------------+-------------------------+-----
Poison Magic   | 4 5 6 |  6.7
Spellcasting   | 4 5 7 9 |  9.0
Dodging        | |  2.0
Stealth        | |  2.6
Transmutations | |  1.0

Action                     |  1- 3 |  4- 6 |  7- 9 || total
---------------------------+-------+-------+-------++-------
  Melee: Unarmed           |     8 |       |       ||     8
         Constrict         |    15 |    19 |    21 ||    55
         Tentacles         |    10 |    32 |    30 ||    72
         Dagger            |    52 |   109 |    51 ||   212
         Punch             |     1 |     1 |     1 ||     3
         Hand axe          |       |       |    54 ||    54
   Cast: Sting             |     9 |       |       ||     9
         Poisonous Vapours |     2 |    11 |    29 ||    42
         Olgreb's Toxic Ra |       |       |     1 ||     1
   Stab: Sleeping          |    14 |     6 |     3 ||    23
         Distracted        |     1 |     1 |     1 ||     3
 Armour: Skin              |     2 |     5 |     8 ||    15
  Dodge: Dodged            |    27 |    53 |    77 ||   157
